 Dungeon Crawl Stone Soup version 0.18-a0-1745-gffa9a88 (webtiles) character file.

316 Shizoidos the Skirmisher (level 6, -4/49 HPs)
             Began as a Demonspawn Abyssal Knight on Apr 11, 2016.
             Was a Believer of Lugonu.
             Slain by dobroeutro's ghost (6 damage)
             ... on level 3 of the Dungeon.
             The game lasted 00:10:45 (3419 turns).

Shizoidos the Skirmisher (DsAK)                     Turns: 3419, Time: 00:10:46

Health: -4/49      AC:  3    Str: 11 (14) XL:     6   Next: 20%
Magic:  8/8        EV: 11    Int: 11 (14) God:    Lugonu [**....]
Gold:   124        SH:  0    Dex:  9 (12) Spells: 0 memorised, 5 levels left

rFire  . . .     SeeInvis .     a - +1 falchion
rCold  . . .     Gourm    .     b - +0 leather armour
rNeg   . . .     Faith    .     (no shield)
rPois  .         Spirit   .     (no helmet)
rElec  .         Dismiss  .     (no cloak)
rCorr  .         Reflect  .     (no gloves)
SustAt .         Harm     .     (no boots)
MR     .....                    (no amulet)
Stlth  +.........               (no ring)
                                (no ring)

@: not resistant to hostile enchantments, very unstealthy
A: hooves 1, powered by death 2
a: Depart the Abyss, Bend Space, Renounce Religion


You were on level 3 of the Dungeon.
You worshipped Lugonu.
Lugonu was pleased with you.
You were hungry.

You visited 1 branch of the dungeon, and saw 3 of its levels.
You visited the Abyss 1 time.

You collected 124 gold pieces.

Inventory:

Hand Weapons
 a - a +1 falchion (weapon)
Armour
 b - a +0 leather armour (worn)
Scrolls
 c - a scroll of remove curse
 h - 4 scrolls of identify
Comestibles
 f - 2 slices of pizza
 g - 2 bread rations
 j - 2 meat rations


   Skills:
 + Level 4.4 Fighting
 * Level 3.8 Long Blades
 * Level 3.6 Armour
 - Level 1.0 Dodging
 + Level 0.4 Stealth
 - Level 2.8 Invocations


You had 5 spell levels left.
You didn't know any spells.

Dungeon Overview and Level Annotations

Branches:
Dungeon (3/15)

Altars:
Dithmenos
Elyvilon
Zin

Annotations:
D:3 dobroeutro's ghost, weakling DsFi


Innate Abilities, Weirdness & Mutations

You have large cloven feet.
You regenerate health from kills.


Message History

The hobgoblin shouts!
Dobroeutro's ghost whispers, "There is no future for you."
A hobgoblin comes into view. It is wielding a club.
Read which item? (? for menu, Esc to quit)
Okay, then.
Drink which item? (? for menu, Esc to quit)
You feel better. The hobgoblin hits you. Dobroeutro's ghost hits you!
* * * LOW HITPOINT WARNING * * *
An orc comes into view.
The orc shouts!
You hit the hobgoblin.
The hobgoblin is lightly wounded.
The hobgoblin closely misses you. Dobroeutro's ghost hits you.
* * * LOW HITPOINT WARNING * * *
You hit the hobgoblin but do no damage.
You kick the hobgoblin, but do no damage.
The hobgoblin is lightly wounded.
The hobgoblin hits you but does no damage.
Dobroeutro's ghost hits you.
You die...

.........# ......#..#
###......# ##.##..#
#.....# ####.## ##.##
.
####.>.###########...#
+............W@gg..o..
####...###########...#
##....# . ####.# #.#
#.# #### #.# ..# #.#
#.# #.#


You could see dobroeutro's ghost, an orc and 2 hobgoblins.

Vanquished Creatures
  Sigmund (D:2)
  Robin (D:2)
  5 adders
  An ooze (D:1)
  A worm (D:3)
  3 dart slugs
  A giant gecko (D:2)
  An orc (D:3)
  A ball python (D:2)
  5 giant cockroaches
  9 hobgoblins
  5 jackals
  8 kobolds
  4 bats
  4 giant newts
  13 goblins
  11 rats
74 creatures vanquished.

Notes
Turn   | Place    | Note
--------------------------------------------------------------
     0 | Abyss:1  | Shizoidos the Demonspawn Abyssal Knight began the quest for the Orb.
     0 | Abyss:1  | Reached XP level 1. HP: 18/18 MP: 2/2
     0 | D:1      | Escaped the Abyss
    40 | D:1      | Reached * piety under Lugonu
    41 | D:1      | Reached skill level 1 in Dodging
    93 | D:1      | Gained mutation: You regenerate a little health from kills. [demonic ancestry]
    93 | D:1      | Reached XP level 2. HP: 24/24 MP: 3/3
   389 | D:1      | Gained mutation: You regenerate health from kills. [demonic ancestry]
   389 | D:1      | Reached XP level 3. HP: 29/29 MP: 5/5
   705 | D:2      | Found a white marble altar of Elyvilon.
   812 | D:2      | Gained mutation: You have large cloven feet. [demonic ancestry]
   812 | D:2      | Reached XP level 4. HP: 36/37 MP: 6/6
   875 | D:2      | Reached ** piety under Lugonu
  1005 | D:2      | Noticed Robin
  1016 | D:2      | Killed Robin
  1020 | D:2      | Reached skill level 4 in Fighting
  1166 | D:2      | Noticed Sigmund
  1184 | D:2      | Killed Sigmund
  1184 | D:2      | Reached XP level 5. HP: 19/43 MP: 7/7
  1184 | D:2      | Reached XP level 6. HP: 22/49 MP: 8/8
  1297 | D:3      | Found a shadowy altar of Dithmenos.
  1490 | D:3      | Found a faded altar to an unknown god.
  1547 | D:3      | Found a glowing silver altar of Zin.
  3373 | D:3      | Noticed dobroeutro's ghost (weakling DsFi)
  3417 | D:3      | HP: 2/49 [dobroeutro's ghost (15)]
  3419 | D:3      | Slain by dobroeutro's ghost

Vault maps used:
D:1:      lightli_arrival_isolated_outpost
D:2:      overflow_temple_1_default, kennysheep_generic_room_13, uniq_robin,
          uniq_sigmund
D:3:      grunt_dithmenos_smoke, nicolae_overflow_crystal_walls, first_bread,
          ecumenical_altar_1, gammafunk_pakellas_spire_experiment, uniq_natasha
Abyss:1:  hangedman_cross_veins

Skill      XL: |  1  2  3  4 |
---------------+-------------+-----
Dodging        | 1 |  1.0
Long Blades    | 2 3 |  3.8
Armour         | 2 3 |  3.6
Fighting       | 4 |  4.4
Stealth        | |  0.4
Invocations    | |  2.8

Action                   |  1- 3 |  4- 6 || total
-------------------------+-------+-------++-------
Melee: Falchion          |   127 |   175 ||   302
Invok: Depart the Abyss  |     1 |       ||     1
  Use: Scroll            |     4 |       ||     4
       Potion            |     2 |     2 ||     4
  Eat: Bread ration      |       |     2 ||     2
